 Dungeon Crawl Stone Soup version 0.18-a0-1542-g9c1a92e (webtiles) character file.

141 Edwards80 the Shooter (level 5, -5/34 HPs)
             Began as a High Elf Hunter on Mar 10, 2016.
             Slain by a phantom (8 damage)
             ... on level 4 of the Dungeon.
             The game lasted 00:18:11 (2593 turns).

Edwards80 the Shooter (High Elf Hunter)             Turns: 2593, Time: 00:18:11

Health: -5/34      AC:  5    Str: 11    XL:     5   Next: 3%
Magic:  6/6        EV: 13    Int: 14    God:
Gold:   94         SH:  0    Dex: 17    Spells: 0 memorised, 4 levels left

rFire  . . .     SeeInvis .     b - +0 short sword
rCold  . . .     Gourm    .     c - +0 leather armour
rNeg   . . .     Faith    .     (no shield)
rPois  .         Spirit   .     (no helmet)
rElec  .         Dismiss  .     n - +1 cloak
rCorr  .         Reflect  .     (no gloves)
SustAt .         Harm     .     (no boots)
MR     .....                    (no amulet)
Stlth  ++........               (no ring)
                                k - ring of wizardry

@: not resistant to hostile enchantments, unstealthy
A: no striking features
a: no special abilities


You were on level 4 of the Dungeon.
You were not hungry.

You visited 1 branch of the dungeon, and saw 4 of its levels.

You collected 94 gold pieces.

Inventory:

Hand Weapons
 a - a +1 shortbow
 b - a +0 short sword (weapon)
Missiles
 d - 9 poisoned bolts
Armour
 c - a +0 leather armour (worn)
 n - a +1 cloak (worn)
Jewellery
 k - a ring of wizardry (left hand)
Scrolls
 r - a scroll of fear {unknown}
Potions
 p - a potion of ambrosia {unknown}
Comestibles
 f - 3 bread rations
 j - a meat ration


   Skills:
 + Level 2.1 Fighting
 + Level 0.5 Short Blades
 + Level 7.5 Bows
 + Level 1.4 Armour
 + Level 2.7 Dodging
 + Level 1.2 Stealth


You had 4 spell levels left.
You didn't know any spells.

Dungeon Overview and Level Annotations

Branches:
Dungeon (4/15)
 Temple: D:4-7

Altars:
Fedhas

Annotations:
D:3 Ijyb


Message History

The orc is moderately wounded.
The orc hits you with a hand axe.
* * * LOW HITPOINT WARNING * * *
The phantom hits you.
* * * LOW HITPOINT WARNING * * *
You hit the orc.
The orc is severely wounded.
The orc barely misses you.
The phantom blinks!
You barely miss the orc.
The orc is severely wounded.
The orc hits you with a hand axe.
* * * LOW HITPOINT WARNING * * *
You hit the orc.
You kill the orc!
The phantom blinks!
Things that are here:
a hand axe; a silvery potion The phantom blinks!
The phantom hits you!
You die...

#........# #......<..#
#........# #.........#
#........###.........###
#........##.....#####...
#.(......##..##.## #.#.
######................###..#.
...............#...##.#...##.
.###...........#)#.##...## ##
...........W@.........### #
......)....###...###..# #
............#....# #.##
...............#####.#
.......<....#..# #..#
...............####.##
.............#.##...#
.............#.##.###
..................# ##


You could see a phantom.

Vanquished Creatures
  An orc wizard (D:3)
  Jessica (D:3)
  3 adders
  A worm (D:2)
  A dart slug (D:1)
  4 orcs
  4 giant cockroaches
  5 goblins
  9 hobgoblins
  2 jackals (D:4)
  3 bats (D:1)
  5 giant newts
  7 kobolds
  4 rats
50 creatures vanquished.

Notes
Turn   | Place    | Note
--------------------------------------------------------------
     0 | D:1      | Edwards80 the High Elf Hunter began the quest for the Orb.
     0 | D:1      | Reached XP level 1. HP: 14/14 MP: 2/2
   278 | D:1      | Reached XP level 2. HP: 19/19 MP: 3/3
   702 | D:2      | Reached skill level 6 in Bows
   963 | D:2      | Found a blossoming altar of Fedhas.
  1045 | D:2      | Reached XP level 3. HP: 22/24 MP: 4/4
  1347 | D:3      | Noticed Jessica
  1357 | D:3      | Killed Jessica
  1357 | D:3      | Reached skill level 7 in Bows
  1357 | D:3      | Reached XP level 4. HP: 25/29 MP: 5/5
  1815 | D:3      | Noticed Ijyb
  1843 | D:3      | Reached skill level 1 in Armour
  2516 | D:4      | Reached XP level 5. HP: 34/34 MP: 6/6
  2542 | D:4      | Noticed a phantom
  2593 | D:4      | Slain by a phantom

Vault maps used:
D:1:      dpeg_arrival_pits, roderic_roman_lattice
D:2:      lemuel_doored_altar, nicolae_tso_swordbearing_angel
D:3:      uniq_jessica, uniq_iyjb
D:4:      cheibrodos_ashenzari_chains, serial_shops, shop, first_bread,
          gammafunk_pakellas_spire_experiment

Skill      XL: |  1  2  3  4 |
---------------+-------------+-----
Bows           | 6 7 |  7.5
Armour         | 1 |  1.4
Fighting       | |  2.1
Short Blades   | |  0.5
Dodging        | |  2.7
Stealth        | |  1.2

Action                   |  1- 3 |  4- 6 || total
-------------------------+-------+-------++-------
Melee: Short sword       |       |    63 ||    63
       Shortbow          |       |     3 ||     3
 Fire: Shortbow          |   112 |    22 ||   134
  Use: Scroll            |     5 |     3 ||     8
       Potion            |       |     2 ||     2
  Eat: Chunk             |     1 |     3 ||     4
       Pizza             |       |     1 ||     1
